 Dungeon Crawl Stone Soup version 0.21-a0-154-gb5400c9 (webtiles) character file.

875 mgis the Slasher (level 8, -5/60 HPs)
             Began as a Human Fighter on Aug 2, 2017.
             Was a Follower of Yredelemnul.
             Engulfed by a cloud of flame (6 damage)
             ... on level 3 of the Dungeon.
             The game lasted 00:09:28 (4027 turns).

mgis the Slasher (Human Fighter)                    Turns: 4027, Time: 00:09:28

Health: -5/60      AC: 13    Str: 18    XL:     8   Next: 24%
Magic:  10/10      EV:  5    Int: 10    God:    Yredelemnul [*.....]
Gold:   316        SH:  9    Dex: 12    Spells: 7/7 levels left

rFire    + . .     SeeInvis .   a - +0 long sword
rCold    . . .     Gourm    .   c - +0 shield
rNeg     . . .     Faith    .   m - +0 chain mail
rPois    .         Spirit   .   (no helmet)
rElec    .         Reflect  .   (no cloak)
rCorr    .         Harm     .   l - +1 pair of gloves
MR       .....                  t - +0 pair of boots
Stlth    ..........             (no amulet)
HPRegen  0.20/turn              n - ring of protection from fire
MPRegen  0.12/turn              (no ring)

@: lethally poisoned (-5 -> -32)
A: no striking features
a: Animate Remains, Renounce Religion


You were on level 3 of the Dungeon.
You worshipped Yredelemnul.
Yredelemnul was aware of your devotion.
You were not hungry.

You visited 1 branch of the dungeon, and saw 4 of its levels.

You collected 316 gold pieces.

Inventory:

Hand Weapons
 a - a +0 long sword (weapon)
Armour
 b - a +0 scale mail
 c - a +0 shield (worn)
 l - a +1 pair of gloves (worn)
 m - a +0 chain mail (worn)
 t - a +0 pair of boots (worn)
Jewellery
 g - an uncursed ring of flight
 n - a ring of protection from fire (left hand)
Wands
 o - a wand of paralysis (13/24)
 s - a wand of flame (19/48)
 y - a wand of scattershot (5/9)
Scrolls
 h - 4 scrolls of remove curse
 u - a scroll of identify
 z - a scroll of noise
Potions
 j - a potion of cancellation
Comestibles
 f - 2 bread rations
 k - 4 fruits
 r - 3 royal jellies
 x - a meat ration


   Skills:
 + Level 3.7 Fighting
 * Level 6.0 Long Blades
 + Level 4.4 Armour
 + Level 1.2 Dodging
 * Level 5.1 Shields
 * Level 2.9 Invocations


You had 7 spell levels left.
You didn't know any spells.

Dungeon Overview and Level Annotations

Branches:
Dungeon (4/15)             Temple (0/1) D:4

Altars:
Elyvilon
Gozag
Kikubaaqudgha
Trog
Yredelemnul


Message History

The orc explodes!
The fiery explosion engulfs the goblin.
The goblin explodes!
Yredelemnul accepts your kill.
The fiery explosion engulfs the orc.
The orc explodes!
The fiery explosion engulfs the orc wizard.
The orc wizard explodes!
The fiery explosion engulfs the orc.
The orc explodes!
The fiery explosion engulfs you! You resist.
* * * LOW HITPOINT WARNING * * *
Yredelemnul accepts your kill. The fiery explosion engulfs you! You resist.
* * * LOW HITPOINT WARNING * * *
Yredelemnul accepts your kill. x3
Evoking this partially-identified wand wasted a few charges.
You are engulfed in blazing flames.
You resist.
You die...
Your body rises from the dead as a mindless zombie.

!.......# .#.#.#.#..#
.....%....# .#%#.#.#..#
..........#
.#§#§#.)#############
.g§§§........>......#
#§##..........##..
#§@ol........<#
####..........#
....$............
######..####.####
........# #####
##########..# ###. #....
....# #..##...
#...#######.#.## ##=....#
#........##.#..###.....###


You could see an orc (inner flame) and a frilled lizard (inner flame).

Vanquished Creatures
  An ice beast (D:4)
  2 phantoms (D:4)
  3 scorpions (D:4)
  A hound (D:4)
  2 orc wizards
  An orc priest (D:4)
  A centaur skeleton (D:4)
  Ijyb (D:4)
  An iguana (D:4)
  3 worker ants (D:4)
  6 adders
  4 gnolls (D:4)
  An adder skeleton (D:4)
  3 dart slugs
  2 leopard geckos
  16 orcs
  3 giant cockroaches
  6 goblins
  6 hobgoblins
  6 jackals
  2 quokkas
  A ball python (D:1)
  6 bats
  4 frilled lizards
  3 kobolds
  7 rats (D:1)
92 creatures vanquished.

Notes
Turn   | Place    | Note
-------+----------+-------------------------------------------
     0 | D:1      | mgis the Human Fighter began the quest for the Orb.
     0 | D:1      | Reached XP level 1. HP: 18/18 MP: 1/1
    41 | D:1      | Reached XP level 2. HP: 13/24 MP: 2/2
   411 | D:1      | Reached XP level 3. HP: 29/29 MP: 3/3
  1057 | D:2      | Reached XP level 4. HP: 22/35 MP: 4/4
  1434 | D:2      | Found a white marble altar of Elyvilon.
  1509 | D:2      | Found a basalt altar of Yredelemnul.
  1518 | D:2      | Became a worshipper of Yredelemnul the Dark
  1730 | D:2      | Found a bloodstained altar of Trog.
  1823 | D:3      | Reached skill level 3 in Long Blades
  2166 | D:4      | Reached XP level 5. HP: 41/41 MP: 5/5
  2223 | D:4      | Reached skill level 1 in Invocations
  2398 | D:4      | Noticed a phantom
  2419 | D:4      | Reached XP level 6. HP: 14/47 MP: 5/7
  2421 | D:4      | Reached skill level 4 in Long Blades
  2428 | D:4      | Killed a phantom
  2428 | D:4      | Reached skill level 1 in Dodging
  2429 | D:4      | Reached * piety under Yredelemnul
  2505 | D:4      | Reached XP level 7. HP: 25/52 MP: 8/8
  2835 | D:4      | Found a staircase to the Ecumenical Temple.
  3337 | D:4      | Reached skill level 5 in Long Blades
  3654 | D:4      | Noticed Ijyb
  3672 | D:4      | Killed Ijyb
  3672 | D:4      | Reached XP level 8. HP: 56/59 MP: 9/9
  3765 | D:4      | Reached skill level 5 in Shields
  3928 | D:4      | Found an ancient bone altar of Kikubaaqudgha.
  3929 | D:4      | Found an opulent altar of Gozag.
  3987 | D:4      | Reached skill level 6 in Long Blades
  4027 | D:3      | HP: 1/60 [orc wizard/exploding inner flame[the player character] (11)]
  4027 | D:3      | Engulfed by a cloud of flame

Vault maps used:
D:1:      lightli_arrival_flooded_house
D:2:      kennysheep_ying_yang, lemuel_coloured_pillars_altar
D:3:      serial_co_window_serial, co_window_paths_a, co_window_cross_1,
          co_window_paths_a, co_window_of_opportunity_a, co_window_paths_b,
          co_window_paths_c, co_window_unsneaky_path_b, co_window_corner_b,
          glass_columns_a, glass_columns_c, glass_columns_a
D:4:      minmay_opposing_rooms, gammafunk_temple_overflow_statue,
          minmay_temple_entry_butterflies, uniq_ijyb

Skill      XL: |  1  2  3  4  5  6  7  8 |
---------------+-------------------------+-----
Long Blades    | 3 4 5 6 |  6.0
Invocations    | 1 2 |  2.9
Shields        | 4 5 |  5.1
Dodging        | 1 |  1.2
Armour         | 4 |  4.4
Fighting       | |  3.7

Action                   |  1- 3 |  4- 6 |  7- 9 || total
-------------------------+-------+-------+-------++-------
Melee: Long sword        |   102 |   157 |   173 ||   432
Evoke: Wand              |       |       |     8 ||     8
  Use: Scroll            |     2 |     1 |     9 ||    12
       Potion            |       |     4 |     2 ||     6
 Stab: Paralysed         |       |       |     1 ||     1
  Eat: Chunk             |     1 |     5 |     1 ||     7
       Bread ration      |       |       |     1 ||     1
Armor: Scale mail        |    50 |     4 |       ||    54
       Chain mail        |       |    81 |   104 ||   185
Dodge: Dodged            |    24 |    23 |    31 ||    78
Block: Shield            |    45 |    86 |   102 ||   233
       Rpst.: Long sword |    11 |     6 |     8 ||    25
